 Dungeon Crawl Stone Soup version 0.31-a0-986-g5e6e4ef867 (webtiles) character file.

Game seed: 8525295244921242476

138 Jeffwins the Ruffian (level 5, 0/41 HPs)
             Began as a Draconian Shapeshifter on Nov 18, 2023.
             Killed from afar by Ijyb (16 damage)
             ... with an iceblast
             ... on level 3 of the Dungeon.
             The game lasted 00:05:11 (1683 turns).

Jeffwins the Ruffian (Draconian Shapeshifter)       Turns: 1683, Time: 00:05:11

Health: 0/41       AC:  5    Str: 22    XL:     5   Next: 1%
Magic:  5/5        EV: 12    Int: 12    God:
Gold:   120        SH:  0    Dex: 11    Spells: 4/4 levels left

rFire   . . .        a - +2 sling (flame)
rCold   . . .        (no shield)
rNeg    . . .        (body armour unavailable)
rPois   .            (helmet restricted)
rElec   .            (no cloak)
rCorr   .            (no gloves)
SInv    .            (no boots)
Will    +....        (no amulet)
Stlth   ++           l - ring of willpower
HPRegen 0.26/turn    S - +6 ring of strength
MPRegen 0.09/turn

%: no passive effects
@: no status effects
A: AC +5, unfitting armour, cold-blooded
a: no special abilities


You were on level 3 of the Dungeon.
You visited 1 branch of the dungeon, and saw 3 of its levels.

You collected 120 gold pieces.


Innate Abilities, Weirdness & Mutations

Your plain brown scales are hard. (AC +5)
You cannot fit into any form of body armour.
You are cold-blooded and may be slowed by cold attacks.


   Skills:
 + Level 1.9 Fighting
 * Level 1.7 Ranged Weapons
 + Level 0.4 Throwing
 + Level 2.4 Dodging
 + Level 1.3 Stealth
 * Level 3.7 Unarmed Combat
 * Level 3.4 Shapeshifting


You had 4 spell levels left.
You didn't know any spells.
Your spell library contained the following spells:

 Spells                   Type           Power      Damage    Failure   Level
 Sublimation of Blood     Necr           0%         N/A       45%         2
 Wereblood                Tmut           0%         N/A       45%         2
 Summon Hydra             Summ           0%         N/A       100%        7

Inventory:

Hand Weapons
 a - a +2 sling of flaming (weapon)
Missiles
 r - 4 datura-tipped darts
Armour
 j - a +0 pair of gloves
Magical Staves
 f - a staff of fire
Jewellery
 l - a ring of willpower (left hand)
 S - a +6 ring of strength (right hand)
Talismans
 b - a beast talisman
 c - a flux talisman
 g - a blade talisman
 h - a serpent talisman
Scrolls
 e - a scroll of identify {unknown}
 i - a scroll of enchant weapon {unknown}
 n - a scroll of revelation {unknown}
 o - a scroll of fog {unknown}
 p - a scroll of butterflies {unknown}
Potions
 d - 2 potions of lignification {!q}
 k - a potion of degeneration {unknown}
 m - a potion of cancellation {unknown}
 q - a potion of invisibility {unknown}
 s - 2 potions of heal wounds {unknown}

Dungeon Overview and Level Annotations

Branches:
Dungeon (3/15)

Altars:

Annotations:
D:3 Ijyb

###..........
.....$....... #
............
#.##.....(.....
..##..............
......!..........
....#............
#......g..††##..
.....##.††@##
..... #..<.#
.....$.....#
#.>........#
#g##.......#
.........#
####.....# #.....#


You could see Ijyb.


Message History

Ijyb the Twisted Goblin comes into view.
She is wielding a +0 dagger and carrying a wand of iceblast.
Natasha casts a spell at you. The magic dart hits you.
There is a stone staircase leading up here.
You shoot a sling bullet. The sling bullet hits Natasha!
The sling bullet burns Natasha.
Natasha is almost dead.
You shoot a sling bullet.
The sling bullet closely misses Natasha.
Natasha closely misses you.
You shoot a sling bullet. The sling bullet barely misses Natasha.
Ijyb shouts!
Natasha casts a spell at you. The magic dart hits you.
You shoot a sling bullet. The sling bullet hits Natasha!
The sling bullet burns Natasha.
You kill Natasha!
Natasha yowls pathetically as she dies!
Ijyb zaps a wand.
The mass of ice explodes!
The iceblast engulfs you!
You hear an angry hiss.
You have reached level 5!
Okay, then.
You shoot a sling bullet. The sling bullet hits Ijyb.
The sling bullet burns Ijyb.
Ijyb is moderately wounded.
Ijyb zaps a wand.
The mass of ice explodes!
The iceblast engulfs you!
* * * LOW HITPOINT WARNING * * *
Ijyb screams, "I cut your head off!"
Ijyb zaps a wand.
The mass of ice explodes!
The iceblast engulfs you!
You die...

Skill      XL: |  1  2  3 |
---------------+----------+-----
Dodging        | 2 |  2.4
Ranged Weapons | 1 |  1.7
Stealth        | 1 |  1.3
Fighting       | |  1.9
Throwing       | |  0.4
Unarmed Combat | |  3.7
Shapeshifting  | |  3.4

Action                     |  1- 3 |  4- 6 || total
---------------------------+-------+-------++-------
  Melee: Unarmed           |     5 |       ||     5
         Tailslap          |     1 |       ||     1
   Fire: Sling             |    80 |    25 ||   105
 Armour: Skin              |    14 |    14 ||    28
  Dodge: Dodged            |    19 |    10 ||    29
         Form:             |     1 |       ||     1
         Beast             |     1 |       ||     1

Levels and vault maps discovered:
D:1:      minmay_arrival_three_doors, layout_rooms
D:2:      layout_basic
D:3:      layout_rooms, old_standard_altar, uniq_natasha, uniq_ijyb

Notes
Turn   | Place    | Note
-------+----------+-------------------------------------------
     0 | D:1      | Jeffwins the Draconian Shapeshifter began the quest for the
                  | Orb.
     0 | D:1      | Reached XP level 1. HP: 16/16 MP: 1/1
   126 | D:1      | Reached XP level 2. HP: 23/23 MP: 2/2
   189 | D:1      | Reached skill level 2 in Dodging
   516 | D:2      | Reached skill level 1 in Ranged Weapons
   690 | D:2      | Reached XP level 3. HP: 28/28 MP: 3/3
   704 | D:2      | Reached skill level 1 in Stealth
  1157 | D:2      | Reached XP level 4. HP: 21/36 MP: 4/4
  1611 | D:3      | Noticed Natasha
  1616 | D:3      | Killed Natasha
  1674 | D:3      | Noticed Natasha
  1675 | D:3      | Noticed Ijyb
  1682 | D:3      | Killed Natasha
  1683 | D:3      | Reached XP level 5. HP: 29/41 MP: 5/5
  1683 | D:3      | Killed from afar by Ijyb

Vanquished Creatures
  Natasha (twice) (D:3)
  5 adders
  A worm (D:2)
  7 endoplasms
  3 giant cockroaches
  3 goblins
  5 hobgoblins
  3 quokkas
  3 ball pythons
  2 bats (D:1)
  3 kobolds
  3 rats
40 creatures vanquished.

Table legend: (Time is in decaauts)
 A = Elapsed time spent in this place.
 B = Non-inter-level travel time spent in this place.
 C = Inter-level travel time spent in this place.
 D = Time resting spent in this place.
 E = Time spent auto-exploring this place.
 F = Levels seen in this place.
 G = Mean time per level.
                   A        B        C        D        E       F      G
               +--------+--------+--------+--------+--------+-----+--------+
         Total |   1716 |   1604 |    112 |      0 |   1341 |   3 |  572.0 |
       Dungeon |   1716 |   1604 |    112 |      0 |   1341 |   3 |  572.0 |
               +--------+--------+--------+--------+--------+-----+--------+

Top non-repeatable levels by time:
     D:2: 1156 daAuts
     D:1: 478 daAuts
     D:3: 81 daAuts

Table legend:
 A = Non-vault XP
 B = Vault XP
 C = Vault XP percentage of total XP
 D = Non-vault monster count
 E = Vault monster count
 F = Vault count percentage of total count
                 A         B        C        D         E       F
            +---------+---------+-------+---------+---------+-------
      Total |     163 |      35 |  17.7 |      39 |       1 |   2.5
            +---------+---------+-------+---------+---------+-------
        D:1 |      24 |       0 |   0.0 |      15 |       0 |   0.0
        D:2 |      83 |       0 |   0.0 |      18 |       0 |   0.0
        D:3 |      56 |      35 |  38.5 |       6 |       1 |  14.3
            +---------+---------+-------+---------+---------+-------
